 Dungeon Crawl Stone Soup version 0.31-a0-164-g2312942fda (webtiles) character file.

Game seed: 10670951095805921782

10320 qw the Skirmisher (level 11, -4/106 HPs)
             Began as a Naga Hunter on June 13, 2023.
             Was an Elder of Okawaru.
             Slain by a komodo dragon (21 damage)
             ... on level 2 of the Lair of Beasts.
             The game lasted 00:03:55 (7760 turns).

qw the Skirmisher (Naga Hunter)                     Turns: 7760, Time: 00:03:55

Health: -4/106     AC: 15    Str: 13    XL:     11   Next: 60%
Magic:  15/15      EV: 14    Int: 10    God:    Okawaru [****..]
Gold:   587        SH:  0    Dex: 19    Spells: 10/10 levels left

rFire   + . .        b - +7 sling of Watchfulness {drain, Fly rF+ SInv}
rCold   . . .        (no shield)
rNeg    . . .        k - +0 troll leather armour
rPois   +            i - +1 helmet
rElec   .            q - +0 cloak
rCorr   .            p - +0 pair of gloves
SInv    +            (no barding)
Will    +....        (no amulet)
Stlth   +++          d - +4 ring of protection
HPRegen 1.17/turn    (no ring)
MPRegen 0.14/turn

%: no passive effects
@: about to teleport, short of breath, heroic, flying, very slow
A: AC +3, large, see invisible, deformed body, poison resistance, slowness 2,
spit poison 1, naga tail 1
a: Spit Poison, Renounce Religion, Heroism, Finesse


You were on level 2 of the Lair of Beasts.
You worshipped Okawaru.
Okawaru was greatly pleased with you.
You visited 2 branches of the dungeon, and saw 10 of its levels.
You also visited: Sewer.

You collected 587 gold pieces.


Innate Abilities, Weirdness & Mutations

Your serpentine skin is tough. (AC +3)
You have supernaturally acute eyesight. (SInv)
Armour fits poorly on your strangely shaped body.
Your system is resistant to poisons. (rPois)
You cover ground very slowly.
You can spit poison.
You have a snake-like lower body.


   Skills:
 - Level 9.0(14.0) Fighting
 - Level 13.0(18.0) Ranged Weapons
 - Level 2.1(7.1) Armour
 + Level 4.0(9.0) Dodging
 - Level 1.5(6.5) Stealth
 + Level 6.1 Invocations


You had 10 spell levels left.
You didn't know any spells.
Your spell library was empty.

Inventory:

Hand Weapons
 b - the +7 sling of Watchfulness (weapon) {drain, Fly rF+ SInv}
   (You found it on level 5 of the Dungeon)

   rF:        It protects you from fire.
   SInv:      It lets you see invisible.
   Fly:       It grants you flight.
 r - a +0 orcbow
Armour
 i - a +1 helmet (worn)
 k - a +0 troll leather armour (worn)
 m - a +1 robe of fire resistance
 p - a +0 pair of gloves (worn)
 q - a +0 cloak (worn)
Jewellery
 d - a +4 ring of protection (left hand)
Scrolls
 g - 3 scrolls of teleportation
 l - a scroll of identify
Potions
 a - a potion of cancellation
 e - 2 potions of mutation
 f - 2 potions of heal wounds
 h - 2 potions of curing
 n - a potion of haste
 o - 2 potions of might

Dungeon Overview and Level Annotations

Branches:
Dungeon (8/15)             Temple (0/1) D:4            Lair (2/5) D:8
  Sewer (visited)
  Swamp: Lair:2-3    Shoals: Lair:2-3     Snake: Lair:2-3    Spider: Lair:2-3

Altars:
Hepliaklqana
Kikubaaqudgha
Makhleb
Okawaru
Qazlal
Ru
Sif Muna
Uskayaw
Vehumet
Wu Jian
Yredelemnul
The Shining One
Jiyva

Portals:
Abyss: Lair:1

Annotations:
D:8 3 runed translucent doors, qw's ghost, novice GrFi
Lair:1 2 transporters, qw's ghost, novice NaHu


Message History

The sling bullet barely misses the komodo dragon.
The water moccasin misses you.
The elephant splashes around in the water.
The elephant trunk-slaps you but does no damage.
You shoot a sling bullet.
The sling bullet hits the komodo dragon but does no damage.
You drain the komodo dragon.
The komodo dragon is heavily wounded.
The water moccasin barely misses you. The komodo dragon closely misses you.
You shoot a sling bullet.
The sling bullet barely misses the komodo dragon.
You have got your breath back.
The water moccasin bites you but does no damage.
The elephant tramples you but does no damage.
The elephant splashes around in the water.
The komodo dragon bites you. The water moccasin misses you.
7757 ||| INVOKING Spit Poison.
Aiming: Spit Poison (1% risk of failure)
Press: ? - help, Shift-Dir - straight line, f/p - komodo dragon The splash of poison misses the komodo dragon.
The elephant completely misses you.
The elephant splashes around in the water.
The water moccasin bites you but does no damage.
The komodo dragon closely misses you.
You shoot a sling bullet.
The sling bullet barely misses the komodo dragon.
The elephant splashes around in the water.
The elephant closely misses you.
The water moccasin completely misses you.
The komodo dragon bites you!
You shoot a sling bullet.
The sling bullet barely misses the komodo dragon.
The water moccasin barely misses you. The elephant tramples you!
You hold your ground!
The elephant splashes around in the water.
7760 ||| READING 4 scrolls of teleportation.
As you read the scroll of teleportation, it crumbles to dust.
You feel strangely unstable. The water moccasin misses you.
The komodo dragon bites you!!
You die...

......#......+....
...........~.......
........<..~~..>...
.....%~..~~~~~.....
.....~~~~~~~~~....
.....~~~~~~~~~....
..=..~~~~~~~~.####
#.#+.~~~~~~Y~.#
.....~~~~hS@##
#...#.....l##
#..##.##.####
##...##.## ......#
..... ... ..


You could see an elephant, a komodo dragon (drained), a water moccasin and a
black bear.

Vanquished Creatures
  A hydra (D:8)
  A torpor snail (Lair:1)
  3 elephants (Lair:2)
  A black mamba (Lair:1)
  2 cane toads (Lair:1)
  Maggie (D:7)
  2 rime drakes (Lair:1)
  Prince Ribbit (D:8)
  Sigmund (D:3)
  11 yaks (Lair:1)
  3 wargs (D:8)
  Edmund (D:6)
  4 water moccasins
  2 sky beasts
  An orc warrior (D:7)
  An ice beast (D:8)
  2 hornet zombies (D:7)
  3 ogres
  3 wolves (Lair:1)
  2 centaurs
  2 kobold brigands
  5 bullfrogs
  4 scorpions
  8 wights
  A water moccasin zombie (D:7)
  2 jellies
  4 howler monkeys
  3 centaur zombies (D:7)
  12 orc priests
  5 hounds
  A sleepcap (D:4)
  4 iguanas
  Ijyb (D:3)
  6 orc wizards
  A killer bee zombie (D:7)
  Robin (D:3)
  3 gnolls (D:5)
  11 adders
  8 river rats
  A shadow imp (D:6)
  2 ufetubi
  2 worms
  2 dart slugs
  25 orcs
  10 ball pythons
  7 endoplasms
  2 giant cockroaches
  12 goblins
  4 hobgoblins
  A quokka (D:2)
  15 bats
  4 frilled lizards
  16 kobolds
  22 rats
253 creatures vanquished.

Notes
Turn   | Place    | Note
-------+----------+-------------------------------------------
     0 | D:1      | qw the Naga Hunter began the quest for the Orb.
     0 | D:1      | Reached XP level 1. HP: 19/19 MP: 1/1
     0 | D:1      | 0 ||| qw: Version: 0.2-a-29-gc1b59c4
     0 | D:1      | 0 ||| qw: Game counter: 4457
     0 | D:1      | 0 ||| qw: Always use a shield: true
     0 | D:1      | 0 ||| qw: God list: Okawaru
     0 | D:1      | 0 ||| qw: Allow faded altars: false
     0 | D:1      | 0 ||| qw: Do Orc after D:15 true
     0 | D:1      | 0 ||| qw: Do second Lair branch before Depths: true
     0 | D:1      | 0 ||| qw: Lair rune preference: random
     0 | D:1      | 0 ||| qw: Plans: Normal
     0 | D:1      | 0 ||| PLANNING D:1-11
     6 | D:1      | 6 ||| INVOKING Spit Poison.
    36 | D:1      | 36 ||| INVOKING Spit Poison.
    62 | D:1      | Reached skill level 4 in Ranged Weapons
    62 | D:1      | Reached XP level 2. HP: 26/26 MP: 2/2
   162 | D:1      | 162 ||| INVOKING Spit Poison.
   167 | D:1      | 167 ||| INVOKING Spit Poison.
   184 | D:1      | 184 ||| INVOKING Spit Poison.
   188 | D:1      | 188 ||| INVOKING Spit Poison.
   211 | D:1      | 211 ||| INVOKING Spit Poison.
   255 | D:1      | 255 ||| INVOKING Spit Poison.
   307 | D:1      | 307 ||| INVOKING Spit Poison.
   430 | D:1      | 430 ||| UPGRADING to +0 helmet.
   435 | D:1      | 435 ||| DROPPING scarf of shadows.
   436 | D:1      | 436 ||| UPGRADING to +4 ring of protection.
   437 | D:1      | 437 ||| READING scroll labelled WACUC RICUNAID.
   438 | D:1      | 438 ||| READING 3 scrolls labelled OKYOLO ALOEP.
   441 | D:1      | 441 ||| DROPPING scroll of butterflies.
   460 | D:2      | 460 ||| INVOKING Spit Poison.
   531 | D:2      | 531 ||| INVOKING Spit Poison.
   532 | D:2      | Reached XP level 3. HP: 32/32 MP: 3/3
   536 | D:2      | 536 ||| INVOKING Spit Poison.
   667 | D:2      | 667 ||| INVOKING Spit Poison.
   672 | D:2      | 672 ||| INVOKING Spit Poison.
   725 | D:2      | 725 ||| INVOKING Spit Poison.
   771 | D:2      | 771 ||| INVOKING Spit Poison.
   803 | D:2      | 803 ||| INVOKING Spit Poison.
   807 | D:2      | 807 ||| INVOKING Spit Poison.
   811 | D:2      | 811 ||| INVOKING Spit Poison.
   853 | D:2      | 853 ||| INVOKING Spit Poison.
   858 | D:2      | 858 ||| INVOKING Spit Poison.
   953 | D:2      | 953 ||| INVOKING Spit Poison.
  1062 | D:2      | 1062 ||| INVOKING Spit Poison.
  1064 | D:2      | Reached skill level 5 in Ranged Weapons
  1064 | D:2      | Reached XP level 4. HP: 39/39 MP: 4/4
  1135 | D:2      | 1135 ||| INVOKING Spit Poison.
  1139 | D:2      | 1139 ||| READING scroll labelled ZUFATY PUMAU.
  1140 | D:2      | 1140 ||| READING scroll labelled BINUTZ ILIUBYA.
  1141 | D:2      | 1141 ||| READING scroll labelled NOGAJI JIEN.
  1212 | D:3      | 1212 ||| INVOKING Spit Poison.
  1217 | D:3      | 1217 ||| INVOKING Spit Poison.
  1220 | D:3      | 1220 ||| INVOKING Spit Poison.
  1370 | D:3      | 1370 ||| INVOKING Spit Poison.
  1404 | D:3      | Found an iron altar of Okawaru.
  1404 | D:3      | Noticed an ogre
  1405 | D:3      | 1405 ||| PLANNING OKAWARU WORSHIP
  1407 | D:3      | 1407 ||| INVOKING Spit Poison.
  1411 | D:3      | 1411 ||| INVOKING Spit Poison.
  1411 | D:3      | Killed an ogre
  1412 | D:3      | Reached skill level 3 in Fighting
  1412 | D:3      | Reached XP level 5. HP: 50/50 MP: 5/5
  1412 | D:3      | 1412 ||| READING scroll labelled YJETSE SOAMP.
  1420 | D:3      | Became a worshipper of Warmaster Okawaru
  1420 | D:3      | 1420 ||| PLANNING D:1-11
  1426 | D:3      | 1426 ||| INVOKING Spit Poison.
  1442 | D:3      | Noticed Sigmund
  1445 | D:3      | 1445 ||| INVOKING Spit Poison.
  1451 | D:3      | 1451 ||| INVOKING Spit Poison.
  1451 | D:3      | Killed Sigmund
  1452 | D:3      | Reached skill level 6 in Ranged Weapons
  1452 | D:3      | Reached XP level 6. HP: 55/57 MP: 6/6
  1480 | D:3      | Found an ornate altar of the Wu Jian Council.
  1481 | D:3      | Noticed Ijyb
  1482 | D:3      | 1482 ||| INVOKING Spit Poison.
  1488 | D:3      | 1488 ||| INVOKING Spit Poison.
  1488 | D:3      | Killed Ijyb
  1517 | D:3      | Found a burning altar of Makhleb.
  1608 | D:3      | 1608 ||| INVOKING Spit Poison.
  1643 | D:3      | 1643 ||| INVOKING Spit Poison.
  1855 | D:3      | 1855 ||| INVOKING Spit Poison.
  1864 | D:3      | Noticed Robin
  1865 | D:3      | 1865 ||| INVOKING Spit Poison.
  1870 | D:3      | 1870 ||| INVOKING Spit Poison.
  1873 | D:3      | Killed Robin
  1931 | D:3      | 1931 ||| DRINKING 2 bubbling sapphire potions.
  1932 | D:3      | 1932 ||| READING 2 scrolls of identify.
  1932 | D:3      | 1932 ||| IDENTIFYING fizzy grey potion
  1970 | D:4      | 1970 ||| INVOKING Spit Poison.
  1976 | D:4      | 1976 ||| INVOKING Spit Poison.
  1979 | D:4      | 1979 ||| INVOKING Spit Poison.
  1981 | D:4      | 1981 ||| STAIRDANCE
  1983 | D:3      | 1983 ||| INVOKING Spit Poison.
  1985 | D:3      | Reached XP level 7. HP: 56/64 MP: 7/7
  2088 | D:4      | 2088 ||| INVOKING Spit Poison.
  2111 | D:4      | 2111 ||| INVOKING Spit Poison.
  2117 | D:4      | 2117 ||| INVOKING Spit Poison.
  2138 | D:4      | Reached skill level 7 in Ranged Weapons
  2219 | D:4      | 2219 ||| INVOKING Spit Poison.
  2223 | D:4      | Reached * piety under Okawaru
  2237 | D:4      | 2237 ||| INVOKING Spit Poison.
  2264 | D:4      | 2264 ||| INVOKING Spit Poison.
  2267 | D:4      | 2267 ||| INVOKING Spit Poison.
  2271 | D:4      | 2271 ||| INVOKING Spit Poison.
  2274 | D:4      | 2274 ||| INVOKING Heroism.
  2276 | D:4      | 2276 ||| INVOKING Spit Poison.
  2280 | D:4      | 2280 ||| INVOKING Spit Poison.
  2424 | D:4      | Found a staircase to the Ecumenical Temple.
  2606 | D:4      | 2606 ||| INVOKING Spit Poison.
  2610 | D:4      | 2610 ||| INVOKING Spit Poison.
  2718 | D:4      | 2718 ||| INVOKING Spit Poison.
  2749 | D:4      | 2749 ||| READING scroll labelled ZACLOT MURRYF.
  2750 | D:4      | 2750 ||| READING scroll labelled WIADOERUFF.
  2840 | D:5      | Entered Level 5 of the Dungeon
  2841 | D:5      | 2841 ||| PLANNING SEWER
  2843 | D:5      | 2843 ||| INVOKING Spit Poison.
  2846 | D:5      | 2846 ||| INVOKING Spit Poison.
  2849 | D:5      | 2849 ||| INVOKING Spit Poison.
  2855 | D:5      | 2855 ||| INVOKING Spit Poison.
  2860 | D:5      | 2860 ||| INVOKING Spit Poison.
  2863 | D:5      | Reached skill level 1 in Invocations
  2915 | D:5      | Found a glowing drain.
  2918 | D:5      | 2918 ||| INVOKING Heroism.
  2919 | D:5      | 2919 ||| INVOKING Spit Poison.
  2920 | D:5      | Reached XP level 8. HP: 72/72 MP: 6/9
  2924 | D:5      | 2924 ||| INVOKING Spit Poison.
  2930 | D:5      | 2930 ||| INVOKING Spit Poison.
  2931 | D:5      | 2931 ||| INVOKING Spit Poison.
  2934 | D:5      | Reached skill level 8 in Ranged Weapons
  2935 | D:5      | 2935 ||| INVOKING Spit Poison.
  2940 | D:5      | 2940 ||| INVOKING Spit Poison.
  2942 | D:5      | 2942 ||| INVOKING Heroism.
  3017 | Sewer    | Entered a sewer
  3039 | Sewer    | 3039 ||| INVOKING Spit Poison.
  3055 | Sewer    | 3055 ||| INVOKING Spit Poison.
  3061 | Sewer    | 3061 ||| INVOKING Spit Poison.
  3102 | Sewer    | 3102 ||| INVOKING Spit Poison.
  3124 | Sewer    | 3124 ||| INVOKING Spit Poison.
  3159 | Sewer    | 3159 ||| INVOKING Spit Poison.
  3164 | Sewer    | 3164 ||| INVOKING Spit Poison.
  3182 | Sewer    | 3182 ||| INVOKING Spit Poison.
  3195 | Sewer    | 3195 ||| INVOKING Spit Poison.
  3200 | Sewer    | 3200 ||| INVOKING Spit Poison.
  3204 | Sewer    | 3204 ||| INVOKING Spit Poison.
  3208 | Sewer    | 3208 ||| INVOKING Spit Poison.
  3213 | Sewer    | 3213 ||| INVOKING Spit Poison.
  3282 | Sewer    | 3282 ||| INVOKING Spit Poison.
  3292 | Sewer    | 3292 ||| INVOKING Spit Poison.
  3295 | Sewer    | 3295 ||| INVOKING Spit Poison.
  3302 | Sewer    | 3302 ||| INVOKING Spit Poison.
  3305 | Sewer    | 3305 ||| INVOKING Spit Poison.
  3356 | Sewer    | 3356 ||| INVOKING Spit Poison.
  3361 | Sewer    | 3361 ||| INVOKING Spit Poison.
  3367 | Sewer    | 3367 ||| INVOKING Spit Poison.
  3368 | Sewer    | 3368 ||| INVOKING Spit Poison.
  3373 | Sewer    | 3373 ||| INVOKING Spit Poison.
  3376 | Sewer    | 3376 ||| INVOKING Spit Poison.
  3377 | Sewer    | Reached skill level 3 in Invocations
  3419 | Sewer    | 3419 ||| Stepping ~*~*~tactically~*~*~ (outnumbered).
  3420 | Sewer    | 3420 ||| INVOKING Spit Poison.
  3425 | Sewer    | 3425 ||| INVOKING Spit Poison.
  3429 | Sewer    | 3429 ||| INVOKING Spit Poison.
  3433 | Sewer    | 3433 ||| INVOKING Spit Poison.
  3580 | Sewer    | 3580 ||| UPGRADING to +0 troll leather armour.
  3590 | Sewer    | 3590 ||| DROPPING +0 leather armour.
  3591 | Sewer    | 3591 ||| DRINKING 3 glowing emerald potions.
  3592 | Sewer    | 3592 ||| DRINKING 2 green potions.
  3593 | Sewer    | 3593 ||| DRINKING 3 inky potions.
  3594 | Sewer    | 3594 ||| READING 2 scrolls of identify.
  3594 | Sewer    | 3594 ||| IDENTIFYING glowing amethyst potion
  3595 | Sewer    | 3595 ||| DROPPING potion of attraction.
  3596 | Sewer    | 3596 ||| DROPPING 2 potions of invisibility.
  3631 | D:5      | 3631 ||| PLANNING D:1-11
  3637 | D:5      | 3637 ||| STAIRDANCE
  3639 | D:4      | 3639 ||| INVOKING Heroism.
  3640 | D:4      | 3640 ||| INVOKING Spit Poison.
  3647 | D:4      | 3647 ||| INVOKING Spit Poison.
  3652 | D:4      | 3652 ||| INVOKING Spit Poison.
  3656 | D:4      | 3656 ||| INVOKING Spit Poison.
  3660 | D:4      | 3660 ||| INVOKING Spit Poison.
  3690 | D:5      | 3690 ||| INVOKING Spit Poison.
  3694 | D:5      | 3694 ||| INVOKING Spit Poison.
  3695 | D:5      | Reached skill level 1 in Armour
  3703 | D:5      | Identified the +7 sling of Watchfulness {drain, Fly rF+
                  | SInv}
  3705 | D:5      | 3705 ||| SWAPPING to +7 sling of Watchfulness {drain, Fly
                  | rF+ SInv}.
  3706 | D:5      | 3706 ||| DROPPING +0 shortbow.
  3716 | D:5      | 3716 ||| INVOKING Spit Poison.
  3755 | D:5      | 3755 ||| INVOKING Spit Poison.
  3846 | D:5      | Found a glowing golden altar of the Shining One.
  3847 | D:5      | Found a stormy altar of Qazlal.
  3927 | D:5      | 3927 ||| INVOKING Spit Poison.
  3930 | D:5      | 3930 ||| INVOKING Spit Poison.
  3974 | D:5      | 3974 ||| INVOKING Spit Poison.
  4016 | D:5      | 4016 ||| INVOKING Spit Poison.
  4022 | D:5      | 4022 ||| INVOKING Spit Poison.
  4031 | D:5      | 4031 ||| INVOKING Spit Poison.
  4117 | D:5      | 4117 ||| INVOKING Spit Poison.
  4161 | D:5      | 4161 ||| INVOKING Heroism.
  4162 | D:5      | 4162 ||| INVOKING Spit Poison.
  4296 | D:5      | Identified the +4 ring mail "Pobimifa" {rCorr}
  4453 | D:5      | 4453 ||| DROPPING +4 ring mail "Pobimifa" {rCorr}.
  4454 | D:5      | 4454 ||| READING scroll labelled TECE BI XUJEL.
  4455 | D:5      | 4455 ||| READING scroll labelled VAOTAG TATUINT.
  4456 | D:5      | 4456 ||| READING 2 scrolls of identify.
  4456 | D:5      | 4456 ||| IDENTIFYING brown potion
  4503 | D:6      | 4503 ||| INVOKING Spit Poison.
  4506 | D:6      | 4506 ||| INVOKING Spit Poison.
  4513 | D:6      | 4513 ||| INVOKING Spit Poison.
  4551 | D:6      | Noticed Edmund
  4552 | D:6      | 4552 ||| INVOKING Heroism.
  4553 | D:6      | 4553 ||| INVOKING Spit Poison.
  4561 | D:6      | 4561 ||| INVOKING Spit Poison.
  4565 | D:6      | 4565 ||| INVOKING Spit Poison.
  4565 | D:6      | Killed Edmund
  4566 | D:6      | Reached skill level 9 in Ranged Weapons
  4607 | D:6      | 4607 ||| INVOKING Spit Poison.
  4617 | D:6      | Reached XP level 9. HP: 74/81 MP: 12/12
  4686 | D:6      | 4686 ||| INVOKING Spit Poison.
  4958 | D:6      | 4958 ||| INVOKING Spit Poison.
  4962 | D:6      | 4962 ||| INVOKING Spit Poison.
  4963 | D:6      | Reached skill level 3 in Dodging
  4994 | D:6      | 4994 ||| INVOKING Spit Poison.
  5176 | D:6      | 5176 ||| READING scroll labelled DIUBBE FOIRGH.
  5176 | D:6      | Identified a scroll of acquirement
  5176 | D:6      | 5176 ||| ACQUIRING +5 shortbow "Yqathrasi" {freeze, rC+
                  | MP+9 Int+3}
  5176 | D:6      | Acquired the +5 shortbow "Yqathrasi" {freeze, rC+ MP+9
                  | Int+3}
  5194 | D:7      | 5194 ||| INVOKING Heroism.
  5195 | D:7      | 5195 ||| INVOKING Spit Poison.
  5201 | D:7      | 5201 ||| INVOKING Spit Poison.
  5209 | D:7      | 5209 ||| INVOKING Spit Poison.
  5215 | D:7      | 5215 ||| INVOKING Spit Poison.
  5219 | D:7      | 5219 ||| INVOKING Spit Poison.
  5221 | D:7      | Reached skill level 6 in Fighting
  5223 | D:7      | 5223 ||| STAIRDANCE
  5264 | D:7      | Found a basalt altar of Yredelemnul.
  5448 | D:7      | 5448 ||| INVOKING Spit Poison.
  5452 | D:7      | 5452 ||| INVOKING Spit Poison.
  5459 | D:7      | 5459 ||| INVOKING Spit Poison.
  5467 | D:7      | 5467 ||| INVOKING Spit Poison.
  5472 | D:7      | 5472 ||| INVOKING Spit Poison.
  5478 | D:7      | 5478 ||| INVOKING Heroism.
  5479 | D:7      | 5479 ||| Stepping ~*~*~tactically~*~*~ (outnumbered).
  5480 | D:7      | 5480 ||| INVOKING Spit Poison.
  5488 | D:7      | 5488 ||| INVOKING Spit Poison.
  5501 | D:7      | 5501 ||| READING scroll of enchant armour.
  5501 | D:7      | 5501 ||| ENCHANTING +0 helmet.
  5524 | D:7      | Noticed Maggie
  5525 | D:7      | 5525 ||| INVOKING Spit Poison.
  5528 | D:7      | 5528 ||| INVOKING Spit Poison.
  5534 | D:7      | 5534 ||| INVOKING Spit Poison.
  5538 | D:7      | Killed Maggie
  5539 | D:7      | Reached skill level 10 in Ranged Weapons
  5632 | D:7      | Reached ** piety under Okawaru
  5634 | D:7      | 5634 ||| INVOKING Spit Poison.
  5640 | D:7      | 5640 ||| INVOKING Heroism.
  5642 | D:7      | 5642 ||| INVOKING Spit Poison.
  5685 | D:7      | 5685 ||| INVOKING Heroism.
  5765 | D:7      | 5765 ||| INVOKING Heroism.
  5766 | D:7      | 5766 ||| INVOKING Spit Poison.
  5771 | D:7      | 5771 ||| INVOKING Spit Poison.
  5772 | D:7      | Reached XP level 10. HP: 94/94 MP: 10/13
  5802 | D:7      | Found a hide-covered altar of Uskayaw.
  6041 | D:7      | 6041 ||| DRINKING 2 fizzy silvery potions.
  6042 | D:7      | 6042 ||| READING 2 scrolls of identify.
  6042 | D:7      | 6042 ||| IDENTIFYING fizzy red potion
  6043 | D:7      | 6043 ||| DROPPING potion of degeneration.
  6052 | D:8      | Noticed a five-headed hydra
  6053 | D:8      | 6053 ||| INVOKING Heroism.
  6054 | D:8      | 6054 ||| INVOKING Spit Poison.
  6062 | D:8      | 6062 ||| INVOKING Spit Poison.
  6065 | D:8      | Killed a five-headed hydra
  6066 | D:8      | Reached skill level 11 in Ranged Weapons
  6067 | D:8      | 6067 ||| INVOKING Spit Poison.
  6157 | D:8      | Found a runed translucent gate.
  6157 | D:8      | Found a runed translucent gate.
  6157 | D:8      | Found a runed translucent gate.
  6158 | D:8      | Found a viscous altar of Jiyva.
  6158 | D:8      | Noticed qw's ghost (novice GrFi)
  6213 | D:8      | Found a shimmering blue altar of Sif Muna.
  6214 | D:8      | Found an ancient bone altar of Kikubaaqudgha.
  6215 | D:8      | Found a radiant altar of Vehumet.
  6273 | D:8      | 6273 ||| INVOKING Spit Poison.
  6276 | D:8      | 6276 ||| DROPPING +5 shortbow "Yqathrasi" {freeze, rC+ MP+9
                  | Int+3}.
  6299 | D:8      | Noticed Prince Ribbit
  6302 | D:8      | 6302 ||| INVOKING Spit Poison.
  6302 | D:8      | Killed Prince Ribbit
  6309 | D:8      | Reached *** piety under Okawaru
  6311 | D:8      | 6311 ||| INVOKING Spit Poison.
  6323 | D:8      | 6323 ||| INVOKING Heroism.
  6391 | D:8      | 6391 ||| INVOKING Spit Poison.
  6398 | D:8      | 6398 ||| INVOKING Spit Poison.
  6404 | D:8      | 6404 ||| INVOKING Spit Poison.
  6408 | D:8      | 6408 ||| INVOKING Spit Poison.
  6416 | D:8      | 6416 ||| INVOKING Spit Poison.
  6418 | D:8      | 6418 ||| INVOKING Heroism.
  6425 | D:8      | 6425 ||| INVOKING Spit Poison.
  6466 | D:8      | 6466 ||| INVOKING Spit Poison.
  6469 | D:8      | 6469 ||| INVOKING Heroism.
  6472 | D:8      | 6472 ||| INVOKING Spit Poison.
  6481 | D:8      | 6481 ||| INVOKING Spit Poison.
  6515 | D:8      | Found a staircase to the Lair.
  6542 | D:8      | Found a hazy altar of Hepliaklqana.
  6589 | D:8      | Found a sacrificial altar of Ru.
  6590 | D:8      | 6590 ||| INVOKING Spit Poison.
  6763 | D:8      | 6763 ||| INVOKING Spit Poison.
  6767 | D:8      | 6767 ||| INVOKING Spit Poison.
  6804 | D:8      | 6804 ||| PLANNING LAIR
  6804 | D:8      | 6804 ||| UPGRADING to +0 pair of gloves.
  6809 | D:8      | 6809 ||| UPGRADING to +0 cloak.
  6814 | D:8      | 6814 ||| READING scroll labelled QOUCHE YPTA.
  6815 | D:8      | 6815 ||| READING 2 scrolls of identify.
  6815 | D:8      | 6815 ||| IDENTIFYING fizzy pink potion
  6816 | D:8      | 6816 ||| DROPPING potion of berserk rage.
  6846 | Lair:1   | Entered Level 1 of the Lair of Beasts
  6852 | Lair:1   | 6852 ||| INVOKING Spit Poison.
  6857 | Lair:1   | 6857 ||| INVOKING Spit Poison.
  6885 | Lair:1   | Noticed a cane toad
  6886 | Lair:1   | 6886 ||| INVOKING Heroism.
  6891 | Lair:1   | Killed a cane toad
  6908 | Lair:1   | 6908 ||| INVOKING Spit Poison.
  6917 | Lair:1   | 6917 ||| INVOKING Spit Poison.
  6918 | Lair:1   | Noticed a black mamba
  6919 | Lair:1   | 6919 ||| INVOKING Heroism.
  6926 | Lair:1   | Reached skill level 12 in Ranged Weapons
  6926 | Lair:1   | 6926 ||| INVOKING Spit Poison.
  6934 | Lair:1   | 6934 ||| INVOKING Spit Poison.
  6938 | Lair:1   | Reached XP level 11. HP: 50/103 MP: 12/14
  6942 | Lair:1   | Reached **** piety under Okawaru
  7013 | Lair:1   | 7013 ||| INVOKING Heroism.
  7042 | Lair:1   | 7042 ||| INVOKING Spit Poison.
  7049 | Lair:1   | 7049 ||| INVOKING Spit Poison.
  7053 | Lair:1   | 7053 ||| INVOKING Spit Poison.
  7144 | Lair:1   | 7144 ||| INVOKING Spit Poison.
  7146 | Lair:1   | 7146 ||| INVOKING Heroism.
  7148 | Lair:1   | 7148 ||| INVOKING Spit Poison.
  7154 | Lair:1   | 7154 ||| INVOKING Spit Poison.
  7160 | Lair:1   | 7160 ||| INVOKING Spit Poison.
  7166 | Lair:1   | 7166 ||| INVOKING Spit Poison.
  7166 | Lair:1   | HP: 19/103 [torpor snail (12)]
  7167 | Lair:1   | 7167 ||| READING 5 scrolls of teleportation.
  7168 | Lair:1   | 7168 ||| DRINKING 2 potions of heal wounds.
  7169 | Lair:1   | 7169 ||| INVOKING Heroism.
  7218 | Lair:1   | 7218 ||| INVOKING Heroism.
  7221 | Lair:1   | 7221 ||| INVOKING Spit Poison.
  7226 | Lair:1   | 7226 ||| INVOKING Spit Poison.
  7228 | Lair:1   | Reached skill level 13 in Ranged Weapons
  7231 | Lair:1   | 7231 ||| INVOKING Spit Poison.
  7238 | Lair:1   | 7238 ||| INVOKING Spit Poison.
  7252 | Lair:1   | Found a frozen archway.
  7271 | Lair:1   | 7271 ||| INVOKING Spit Poison.
  7463 | Lair:1   | Found a transporter.
  7540 | Lair:1   | Noticed a thrashing horror
  7541 | Lair:1   | Noticed a cyan ugly thing
  7548 | Lair:1   | Noticed a rakshasa
  7562 | Lair:1   | Found a one-way gate to the infinite horrors of the Abyss.
  7562 | Lair:1   | Noticed qw's ghost (novice NaHu)
  7598 | Lair:1   | Found a transporter.
  7724 | Lair:2   | 7724 ||| INVOKING Spit Poison.
  7729 | Lair:2   | 7729 ||| INVOKING Spit Poison.
  7731 | Lair:2   | 7731 ||| INVOKING Heroism.
  7737 | Lair:2   | 7737 ||| INVOKING Spit Poison.
  7742 | Lair:2   | 7742 ||| INVOKING Spit Poison.
  7751 | Lair:2   | Reached skill level 9 in Fighting
  7751 | Lair:2   | Reached skill level 6 in Invocations
  7752 | Lair:2   | 7752 ||| INVOKING Spit Poison.
  7757 | Lair:2   | 7757 ||| INVOKING Spit Poison.
  7759 | Lair:2   | HP: 15/106 [elephant (13)]
  7760 | Lair:2   | 7760 ||| READING 4 scrolls of teleportation.
  7760 | Lair:2   | Slain by a komodo dragon

Levels and vault maps discovered:
D:1:      wander_arrival_lonely_grave, layout_rooms, serial_bayou_pond_e
D:2:      layout_basic, columned_hall_lemuel, chequers_serial_rivers_large_b
D:3:      layout_basic, bloody_makhleb, nzn_wu_jian_contemplation,
          okawaru_metal_pillars_1_2, serial_corexii_hall,
          corexii_hall_statues_deadend, corexii_hall_statues_x, uniq_sigmund,
          uniq_robin, uniq_ijyb
D:4:      layout_loops_ring, minmay_temple_entry_from_below_a
D:5:      layout_basic, nicolae_overflow_squiral, portal_sewer_entry_a,
          roderic_batcave
D:6:      layout_basic, uniq_edmund
D:7:      layout_loops_cross, lemuel_coloured_pillars_altar,
          nicolae_yredelemnul_corpse_copse, uniq_maggie
D:8:      layout_cave_pools, grunt_temple_overflow_magic_moments,
          mainiacjoe_overflow_tiny_flanked, lemuel_round_altar,
          erik_lair_orcish_takeover, gammafunk_ghost_ooze, uniq_prince_ribbit1
Lair:1:   layout_chaotic_city, portal_ice_cave_rime,
          gammafunk_ghost_abyssal_escape
Lair:2:   layout_roguey, nicolae_swamp_entry_splash_gauntlet,
          guppyfry_snake_entry_island, fungi_pond_lemuel, beast_lair_carwin_2,
          infiniplex_staircase_pool, uniq_erica, uniq_fannar

Skill      XL: |  1  2  3  4  5  6  7  8  9 10 11 |
---------------+----------------------------------+-----
Ranged Weapons | 4 5 6 7 9 10 12 13 | 13.0
Fighting       | 3 4 5 7 8 9 |  9.0
Dodging        | 2 3 4 |  4.0
Invocations    | 1 4 6 |  6.1
Armour         | 1 2 |  2.1
Stealth        | |  1.5

Action                     |  1- 3 |  4- 6 |  7- 9 | 10-12 || total
---------------------------+-------+-------+-------+-------++-------
  Melee: Unarmed           |       |       |     8 |       ||     8
   Fire: Shortbow          |    54 |    54 |   196 |       ||   304
         Sling             |       |       |   193 |   271 ||   464
 Invoke: Heroism           |       |       |    11 |    11 ||    22
Ability: Spit Poison       |    23 |    21 |    97 |    43 ||   184
    Use: Scroll            |     2 |     5 |     8 |     5 ||    20
         Potion            |       |     1 |     3 |     2 ||     6
   Stab: Confused          |       |       |     2 |       ||     2
 Armour: Leather armour    |     6 |    13 |    54 |       ||    73
         Troll leather arm |       |       |   114 |    70 ||   184
  Dodge: Dodged            |     4 |    18 |   223 |   137 ||   382

Table legend:
 A = Non-vault XP
 B = Vault XP
 C = Vault XP percentage of total XP
 D = Non-vault monster count
 E = Vault monster count
 F = Vault count percentage of total count
                 A         B        C        D         E       F
            +---------+---------+-------+---------+---------+-------
      Total |   11389 |    3355 |  22.8 |     170 |      83 |  32.8
            +---------+---------+-------+---------+---------+-------
        D:1 |      31 |       0 |   0.0 |      19 |       0 |   0.0
        D:2 |      63 |       0 |   0.0 |      16 |       0 |   0.0
        D:3 |     182 |     310 |  63.0 |      14 |       9 |  39.1
        D:4 |     602 |       0 |   0.0 |      19 |       0 |   0.0
        D:5 |     627 |      43 |   6.4 |      15 |      14 |  48.3
        D:6 |     445 |     158 |  26.2 |       8 |       1 |  11.1
        D:7 |    1253 |     901 |  41.8 |      28 |       8 |  22.2
        D:8 |    1892 |     916 |  32.6 |      25 |       9 |  26.5
     Lair:1 |    4797 |     752 |  13.6 |      22 |       2 |   8.3
     Lair:2 |    1497 |       0 |   0.0 |       4 |       0 |   0.0
      Sewer |       0 |     275 | 100.0 |       0 |      40 | 100.0
            +---------+---------+-------+---------+---------+-------
